 Dungeon Crawl Stone Soup version 0.27-a0-54-g64bdb92e38 (webtiles) character file.

Game seed: 3599532572414406109

544 robertstho the Bolt Thrower (level 7, -7/43 HPs)
             Began as a Kobold Hunter on Jan 7, 2021.
             Was an Initiate of Okawaru.
             Mangled by an ice beast (13 damage)
             ... on level 5 of the Dungeon.
             The game lasted 00:10:14 (5307 turns).

robertstho the Bolt Thrower (Kobold Hunter)         Turns: 5307, Time: 00:10:15

Health: -7/43      AC:  5    Str: 10    XL:     7   Next: 52%
Magic:  7/7        EV: 15    Int: 12    God:    Okawaru [......]
Gold:   231        SH:  0    Dex: 17    Spells: 6/6 levels left

rFire    + . .     SeeInvis .   a - +1 hand crossbow
rCold    . . .     Faith    .   (shield restricted)
rNeg     . . .     Spirit   .   p - +1 leather armour {rF+}
rPois    .         Reflect  .   o - +0 helmet
rElec    .         Harm     .   (no cloak)
rCorr    .         Rampage  .   (no gloves)
Will     .....                  (no boots)
Stlth    +++.......             (no amulet)
HPRegen  0.14/turn              (no ring)
MPRegen  0.10/turn              (no ring)

@: no status effects
A: small, nightstalker 3
a: Renounce Religion


You were on level 5 of the Dungeon.
You worshipped Okawaru.
Okawaru was noncommittal.
You visited 2 branches of the dungeon, and saw 6 of its levels.

You collected 231 gold pieces.

Inventory:

Hand Weapons
 a - a +1 hand crossbow (weapon)
 b - a +0 short sword
 g - a +4 dagger of venom
 v - a +1 spear of flaming
Missiles
 q - 6 bolts (quivered ammo)
Armour
 j - a +1 chain mail
 o - a +0 helmet (worn)
 p - a +1 leather armour of fire resistance (worn)
Jewellery
 f - an uncursed ring of willpower {unknown}
 w - an uncursed ring of fire {unknown}
Wands
 d - a wand of polymorph (5)
Scrolls
 c - 2 scrolls of magic mapping {unknown}
 e - 5 scrolls of enchant armour
 h - 2 scrolls of random uselessness {unknown}
 l - 3 scrolls of amnesia {unknown}
 n - a scroll of fog {unknown}
 r - 2 scrolls of remove curse {unknown}
 s - 2 scrolls of identify
 t - a scroll of blinking {unknown}
 u - a scroll of teleportation {unknown}
 y - a scroll of immolation
Potions
 i - a potion of brilliance
 k - 4 potions of curing {unknown}
 m - 4 potions of flight
 x - 2 potions of haste {unknown}


   Skills:
 * Level 4.2 Fighting
 + Level 2.6 Short Blades
 * Level 7.5 Crossbows
 * Level 2.6 Armour
 + Level 2.9 Dodging
 + Level 2.5 Stealth


You had 6 spell levels left.
You didn't know any spells.
Your spell library was empty.

Dungeon Overview and Level Annotations

Branches:
Dungeon (5/15)             Temple (1/1) D:4

Altars:
Ashenzari
Cheibriados
Dithmenos
Elyvilon
Fedhas
Gozag
Hepliaklqana
Makhleb
Nemelex Xobeh
Okawaru
Qazlal
Ru
Sif Muna
Trog
Uskayaw
Vehumet
Wu Jian
Yredelemnul
Zin

Annotations:
D:4 2 transporters, Blork the orc


Innate Abilities, Weirdness & Mutations

You are small and have problems with some larger weapons.
You are completely attuned to the shadows.


Message History

You shoot a bolt.
The bolt hits the ice beast but does no damage.
The ice beast is severely wounded.
The ice beast hits you but does no damage.
You shoot a bolt. The bolt hits the ice beast!
The ice beast is almost dead.
The ice beast hits you. The ice beast freezes you!
* * * LOW HITPOINT WARNING * * *
The ice beast completely misses you.
You are too injured to fight recklessly!
Fire: 7 bolts
Press: ? - help, Q - select action, (/) - cycle Shift-Dir - straight line, f/p - ice beast
Aim: an ice beast (almost dead)
You shoot a bolt.
The bolt hits the ice beast but does no damage.
The ice beast is almost dead.
The ice beast hits you.
* * * LOW HITPOINT WARNING * * *
The ice beast freezes you!
You die...

#.# ##.####
#.....(
.###..Y...
#...#.@##
#.......#
#.......##
#.........
...........
#.......##$
#.......#
#.......#
###....##


You could see an ice beast.

Vanquished Creatures
  Sigmund (D:4)
  A scorpion (D:4)
  A hound (D:4)
  Ijyb (D:3)
  A worker ant (D:3)
  A hound skeleton (D:4)
  Robin (D:3)
  10 gnolls
  4 adders
  A worm (D:2)
  3 dart slugs
  2 leopard geckos
  5 orcs (D:4)
  5 ball pythons (D:3)
  3 giant cockroaches
  15 hobgoblins
  8 jackals
  2 quokkas
  8 bats
  2 frilled lizards
  18 goblins
  3 kobolds
  A leopard gecko skeleton (D:4)
  A quokka zombie (D:5)
  7 rats
105 creatures vanquished.

Vanquished Creatures (others)
  2 plants (D:3)
2 creatures vanquished.

Grand Total: 107 creatures vanquished

Notes
Turn   | Place    | Note
-------+----------+-------------------------------------------
     0 | D:1      | robertstho the Kobold Hunter began the quest for the Orb.
     0 | D:1      | Reached XP level 1. HP: 12/12 MP: 1/1
    24 | D:1      | Reached skill level 5 in Crossbows
    95 | D:1      | Reached XP level 2. HP: 5/18 MP: 2/2
  1000 | D:1      | Reached XP level 3. HP: 22/22 MP: 3/3
  1462 | D:2      | Found a glowing silver altar of Zin.
  2164 | D:2      | Reached XP level 4. HP: 27/27 MP: 4/4
  2164 | D:2      | Found an opulent altar of Gozag.
  2164 | D:2      | Found a radiant altar of Vehumet.
  2251 | D:2      | Reached skill level 6 in Crossbows
  2418 | D:3      | Reached skill level 1 in Armour
  2418 | D:3      | Reached XP level 5. HP: 16/31 MP: 5/5
  2959 | D:3      | Reached skill level 7 in Crossbows
  3081 | D:3      | Noticed Robin
  3150 | D:3      | Killed Robin
  3151 | D:3      | Reached XP level 6. HP: 20/36 MP: 6/6
  3431 | D:3      | Found a faded altar of an unknown god.
  3438 | D:3      | Reached skill level 1 in Short Blades
  3598 | D:3      | Noticed Ijyb
  3803 | D:3      | Killed Ijyb
  4132 | D:4      | Reached XP level 7. HP: 29/42 MP: 7/7
  4468 | D:4      | Found a transporter.
  4517 | D:4      | Noticed Blork the orc
  4524 | D:4      | Found a shimmering blue altar of Sif Muna.
  4712 | D:4      | Noticed Sigmund
  4725 | D:4      | Killed Sigmund
  4849 | D:4      | Found a staircase to the Ecumenical Temple.
  5017 | D:4      | Found a transporter.
  5113 | Temple   | Entered the Ecumenical Temple
  5247 | Temple   | Became a worshipper of Warmaster Okawaru
  5274 | D:5      | Entered Level 5 of the Dungeon
  5307 | D:5      | Mangled by an ice beast

Illustrated notes

Levels and vault maps discovered:
D:1:      lemuel_arrival_tunnels, layout_basic
D:2:      layout_loops_ring, nicolae_overflow_crystal_walls,
          gammafunk_temple_overflow_pools
D:3:      minmay_door_path, layout_loops_ring,
          chequers_ecumenical_altar_simple_redux, minmay_shallow_snake_nest,
          uniq_ijyb, uniq_robin
D:4:      gammafunk_cloud_chamber, layout_basic,
          minmay_temple_entry_statues_fountains, serial_curves, eino_curves_01,
          eino_curves_01, eino_curves_01, eino_curves_02, tgw_sif, uniq_sigmund
D:5:      layout_loops_ring, serial_shops, shop
Temple:   eino_temple_rhombus

Skill      XL: |  1  2  3  4  5  6  7 |
---------------+----------------------+-----
Crossbows      | 5 6 7 |  7.5
Armour         | 1 2 |  2.6
Fighting       | 3 4 |  4.2
Short Blades   | 1 2 |  2.6
Stealth        | 2 |  2.5
Dodging        | |  2.9

Action                   |  1- 3 |  4- 6 |  7- 9 || total
-------------------------+-------+-------+-------++-------
Melee: Short sword       |     2 |    63 |       ||    65
       Dagger            |       |    70 |    34 ||   104
       Unarmed           |       |     5 |       ||     5
 Fire: Hand crossbow     |    73 |    58 |     6 ||   137
  Use: Scroll            |     1 |     7 |       ||     8
 Stab: Sleeping          |       |     5 |     3 ||     8
Armor: Leather armour    |     2 |     2 |     2 ||     6
       Chain mail        |    11 |    93 |       ||   104
Dodge: Dodged            |    17 |    75 |    21 ||   113

Table legend: (Time is in decaauts)
 A = Elapsed time spent in this place.
 B = Non-inter-level travel time spent in this place.
 C = Inter-level travel time spent in this place.
 D = Time resting spent in this place.
 E = Time spent auto-exploring this place.
 F = Levels seen in this place.
 G = Mean time per level.
                   A        B        C        D        E       F      G
               +--------+--------+--------+--------+--------+-----+--------+
         Total |   5307 |   5003 |    304 |    240 |   3997 |   6 |  884.5 |
       Dungeon |   5156 |   4875 |    281 |    240 |   3870 |   5 | 1031.2 |
        Temple |    150 |    128 |     22 |      0 |    127 |   1 |  150.0 |
               +--------+--------+--------+--------+--------+-----+--------+

Top non-repeatable levels by time:
     D:3: 1639 daAuts
     D:1: 1362 daAuts
     D:4: 1179 daAuts
     D:2: 942 daAuts
  Temple: 150 daAuts
     D:5: 32 daAuts
